 Dungeon Crawl Stone Soup version 0.16.1-51-g6203257 (webtiles) character file.

198 swede08 the Skirmisher (level 5, -1/45 (46) HPs)
             Began as a Ghoul Fighter on July 7, 2015.
             Was an Initiate of Makhleb.
             Slain by an orc warrior
             ... wielding a +0 long sword
              (19 damage)
             ... on level 4 of the Dungeon.
             The game lasted 00:13:55 (2271 turns).

swede08 the Skirmisher (Ghoul Fighter)              Turns: 2271, Time: 00:13:56

HP:   -1/45 (46)    AC: 10    Str: 20    XL:     5   Next: 76%
MP:   4/4           EV:  5    Int:  3    God:    Makhleb [......]
Gold: 174           SH:  9    Dex:  9    Spells: 0 memorised, 4 levels left

rFire  . . .     SeeInvis +       - Unarmed
rCold  + . .     Clarity  +     g - +0 chain mail
rNeg   + + +     SustAb   .     c - +0 shield
rPois  ∞         Gourm    .     (no helmet)
rElec  .         Spirit   .     h - +0 cloak
rCorr  .         Warding  .     (no gloves)
rMut   .         Stasis   .     (no boots)
MR     .....                    j - amulet of clarity
Stlth  ..........               (no ring)
                                z - ring of see invisible

@: rotting, not resistant to hostile enchantments, extremely unstealthy
A: rotting body, claws 1, carnivore 3, cold resistance 1, negative energy
resistance 3, poison resistance, slow healing 1, torment resistance, unbreathing
a: Renounce Religion


You were on level 4 of the Dungeon.
You worshipped Makhleb.
Makhleb was noncommittal.
You were not hungry.

You visited 1 branch of the dungeon, and saw 4 of its levels.

You collected 174 gold pieces.

Inventory:

Armour
 c - a +0 shield (worn)
 g - a +0 chain mail (worn)
 h - a +0 cloak (worn)
Jewellery
 j - an amulet of clarity (around neck)
 z - a ring of see invisible (left claw)
Magical devices
 o - a wand of polymorph (8)
Scrolls
 i - 2 scrolls of enchant weapon {unknown}
 k - a scroll of magic mapping {unknown}
 n - a scroll of identify {unknown}
 s - 2 scrolls of remove curse {unknown}
 t - a scroll of random uselessness {unknown}
 u - a scroll of noise {unknown}
 v - a scroll of amnesia {unknown}
 w - a scroll of recharging {unknown}
 y - a scroll of teleportation {unknown}
Potions
 b - 2 potions of resistance {unknown}
 d - 3 potions of restore abilities
 e - a potion of might
 f - 4 potions of curing
 l - a potion of haste
 p - 3 potions of heal wounds {unknown}
 x - a potion of ambrosia {unknown}
 B - a potion of cure mutation {unknown}
Comestibles
 a - a slice of pizza
 r - a royal jelly


   Skills:
 + Level 4.2 Fighting
 + Level 3.7 Armour
 + Level 0.8 Dodging
 + Level 1.3 Stealth
 + Level 3.5 Shields
 + Level 3.2 Unarmed Combat


You had 4 spell levels left.
You didn't know any spells.

Dungeon Overview and Level Annotations

Branches:
Dungeon (4/15)
 Temple: D:4-7

Altars:
Cheibriados
Makhleb


Innate Abilities, Weirdness & Mutations

Your body is rotting away.
You thrive on raw meat.
You have sharp fingernails.
You are carnivorous and can eat meat at any time.
Your flesh is cold resistant.
You are immune to negative energy.
Your system is resistant to poisons.
You heal slowly when monsters are visible.
You are immune to unholy pain and torment.
You can survive without breathing.


Message History

The orc warrior hits you but does no damage.
Your chain mail prevents you from hitting the orc warrior.
The orc warrior is moderately wounded.
The orc warrior is no longer bleeding.
You block the orc warrior's attack.
You scratch the orc warrior.
The orc warrior begins to bleed from its wounds!
The orc warrior is heavily wounded.
The orc warrior barely misses you.
You scratch the orc warrior.
The orc warrior is heavily wounded.
You scratch the orc warrior but do no damage.
The orc warrior is heavily wounded.
The orc warrior hits you with a long sword.
You scratch the orc warrior.
The orc warrior is almost dead.
You block the orc warrior's attack.
You scratch the orc warrior.
The orc warrior is almost dead.
The orc warrior hits you with a long sword!!
You die...

##################
#>................
#@################
#o#### #oo..#
#o...# ####....#
#.....(.#
#.##.(..##.... #
#........... #
#............. ..


You could see an orc warrior (bleeding) and 3 orcs.

Vanquished Creatures
  A hound (D:4)
  Ijyb (D:3)
  Robin (D:3)
  3 gnolls (D:3)
  A giant mite (D:4)
  An adder (D:3)
  A worm (D:3)
  2 oozes (D:3)
  4 orcs (D:3)
  6 giant cockroaches
  13 goblins
  8 hobgoblins
  2 jackals (D:3)
  7 kobolds
  3 ball pythons
  6 bats
  5 giant geckos
  3 giant newts
  9 rats
77 creatures vanquished.

Notes
Turn   | Place    | Note
--------------------------------------------------------------
     0 | D:1      | swede08, the Ghoul Fighter, began the quest for the Orb.
     0 | D:1      | Reached XP level 1. HP: 19/19 MP: 1/1
   122 | D:1      | Reached XP level 2. HP: 26/26 MP: 2/2
   654 | D:2      | Reached XP level 3. HP: 20/30 MP: 3/3
   773 | D:2      | Found a snail-covered altar of Cheibriados.
  1290 | D:3      | Reached XP level 4. HP: 15/39 MP: 3/3
  1293 | D:3      | Noticed Robin
  1328 | D:3      | Killed Robin
  1494 | D:3      | Noticed Ijyb
  1506 | D:3      | Killed Ijyb
  1589 | D:3      | Reached skill level 4 in Fighting
  1632 | D:3      | Reached XP level 5. HP: 33/46 MP: 4/4
  1949 | D:3      | Reached skill level 1 in Stealth
  2175 | D:4      | Found a burning altar of Makhleb.
  2185 | D:4      | Became a worshipper of Makhleb the Destroyer
  2243 | D:4      | Noticed an orc warrior
  2271 | D:4      | Slain by an orc warrior

Action                   |  1- 3 |  4- 6 || total
-------------------------+-------+-------++-------
Melee: Unarmed           |   203 |   194 ||   397
  Use: Potion            |       |     5 ||     5
 Stab: Invisible         |       |     3 ||     3
  Eat: Chunk             |     3 |     4 ||     7
